Cogmind - Beta 14 @@@ ROGUE MODE // 2024.09.20 @ 16:34:35 Player: ZarZap Result: Destroyed by Y-45 Defender with Heavy Assault Rifle Performance ------------- Evolutions (1) 500 Regions Visited (4) 800 Robots Destroyed (32) 160 Value Destroyed (916) 916 Prototype IDs (0) 0 Alien Tech Used (0) 0 Bonus (211) 211 TOTAL SCORE: 2587 Bonus ------- High Alert Combat Kills 11 Entered Garrisons 200 Cogmind --------- Core Integrity 0/400 Matter 79/300 Energy 302/350 System Corruption 0% Temperature Cool (9) Movement Core (350) Ox6 Location -9/Garrison Parts ------- > --- POWER (1) -------- (None) > --- PROPULSION (3) --- (None) > --- UTILITY (3) ------ Medium Storage Unit High-capacity Battery > --- WEAPON (2) ------- Beam Rifle Grenade Launcher > --- INVENTORY (10) --- Light Ion Engine Light Ion Engine Light Ion Engine Compact Wheel Compact Wheel Heavy Assault Rifle Peak State ------------ > --- POWER ------------ Light Nuclear Core > --- PROPULSION ------- Aluminum Leg Aluminum Leg Aluminum Leg > --- UTILITY ---------- Medium Storage Unit High-capacity Battery Light Armor Plating > --- WEAPON ----------- Heavy Assault Rifle Shotgun > --- INVENTORY -------- Light Ion Engine Light Ion Engine Aluminum Leg Aluminum Leg Compact Wheel Compact Wheel Medium Laser Light Assault Rifle Heavy Assault Rifle Grenade Launcher [Rating: 14] Favorites ----------- Power Light Ion Engine Engine Light Ion Engine Power Core Light Nuclear Core Propulsion Aluminum Leg Leg Aluminum Leg Utility Medium Storage Unit Storage Medium Storage Unit Protection Light Armor Plating Weapon Heavy Assault Rifle Energy Gun Beam Rifle Ballistic Gun Heavy Assault Rifle Launcher Grenade Launcher Build | -11 -10 -9 -9 -9 ------- Run | Yrd Mat Mat Sto Gar Slots Evolved 2 | . . 2 . . Power . | . . . . . Propulsion 1 | . . 1 . . Utility 1 | . . 1 . . Weapon . | . . . . . Parts Attached 24 | . 4 15 1 4 Power 2 | . 1 1 . . Engine 1 | . 1 . . . Core 1 | . . 1 . . Reactor . | . . . . . Propulsion 7 | . . 6 1 . Treads . | . . . . . Leg 7 | . . 6 1 . Wheel . | . . . . . Hover . | . . . . . Flight . | . . . . . Utility 4 | . 2 2 . . Device . | . . . . . Storage 2 | . 2 . . . Processor . | . . . . . Hackware . | . . . . . Protection 2 | . . 2 . . Artifact . | . . . . . Weapon 11 | . 1 6 . 4 Energy Gun 1 | . . . . 1 Energy Cannon . | . . . . . Ballistic Gun 8 | . . 6 . 2 Ballistic Cannon . | . . . . . Launcher 2 | . 1 . . 1 Special Weapon . | . . . . . Impact Weapon . | . . . . . Slashing Weapon . | . . . . . Piercing Weapon . | . . . . . Special Melee Weapon . | . . . . . Unidentified Prototypes . | . . . . . Parts Lost 14 | . . 6 . 8 Power 2 | . . 1 . 1 Propulsion 7 | . . 4 . 3 Utility 2 | . . 1 . 1 Weapon 3 | . . . . 3 Highest Loss Streak 8 | . . 5 . 8 To Critical Strikes . | . . . . . Average Slot Usage (%) 88 | . 87 89 89 84 Engine 6 | . 14 5 . . Core 4 | . . 5 11 9 Leg 27 | . 28 29 23 24 Storage 20 | . 16 22 22 22 Protection 4 | . . 5 11 8 Ballistic Gun 22 | . 25 22 22 19 Peak Build Rating 14 | 6 7 14 14 14 Average Rating 9 | 6 6 11 13 11 On Entrance 9 | 6 6 7 13 14 Naked Turns . | . . . . . Heaviest Build 29 | 11 21 29 28 28 Greatest Support 30 | 20 20 30 30 30 Greatest Overweight (x) 8 | . 1 8 1 6 Average Overweight (x) . | . . . . . Largest Inventory Capacity 10 | 8 10 10 10 10 Average Capacity 9 | 8 8 10 10 10 Most Carried 10 | 5 8 10 9 9 Average Carried 7 | 5 6 8 8 8 Final Capacity 10 | 8 10 10 10 10 Final Carried 9 | 4 8 9 9 6 Class Distribution -------------------- 53% | Mutant 46% | Scavenger-Mutant Dominant Class ---------------- Mutant | -10/Materials Scavenger-Mutant | -9/Materials Scavenger-Mutant | -9/Storage Scavenger-Mutant | -9/Garrison Resources | -11 -10 -9 -9 -9 ----------- Run | Yrd Mat Mat Sto Gar Matter Collected 756 | 200 28 411 79 38 Remotely . | . . . . . Salvage Created 1182 | . 146 711 136 189 Parts 80 | . 19 43 4 14 Haulers Intercepted 1 | . . 1 . . Recyclers Shooed 2 | . . 2 . . Parts Field Recycled . | . . . . . Retrieved Matter . | . . . . . Parts Self-Destructed . | . . . . . Prevented . | . . . . . Kills | -11 -10 -9 -9 -9 ------- Run | Yrd Mat Mat Sto Gar Combat Hostiles Destroyed 29 | . 8 13 1 7 Guns 25 | . 5 13 1 6 AOE 4 | . 3 . . 1 Classes Destroyed 6 | . 2 3 . 1 Hauler 1 | . . 1 . . Recycler 2 | . . 1 1 . Swarmer 10 | . 6 . . 4 Grunt 12 | . 2 9 1 . Sentry 6 | . . 4 . 2 Hunter 1 | . . . . 1 Best Kill Streak 7 | . 5 6 2 7 Combat Bots Only 7 | . 5 5 1 7 Max Kills in Single Turn 2 | . 2 1 1 1 Gunslinging . | . . . . . Exploded 2 | . 2 . . 1 Melee . | . . . . . Uniques/NPCs Destroyed . | . . . . . Combat | -11 -10 -9 -9 -9 -------- Run | Yrd Mat Mat Sto Gar Hostile Shots Fired 245 | . 29 110 15 91 Missed 54 | . 6 29 4 15 Damage Taken 2366 | . 235 1037 119 975 Core 449 | . 37 110 23 279 Absorbed by Shields . | . . . . . Core Remaining (%) 92 | 100 85 . . . Volleys Fired 107 | . 19 64 7 17 Largest 2 | . 2 2 2 2 Hottest 86 | . 50 46 46 86 Shots Fired 211 | . 38 128 14 31 Gun 207 | . 36 128 14 29 Cannon . | . . . . . Launcher 4 | . 2 . . 2 Special . | . . . . . Kinetic 205 | . 36 128 14 27 Thermal 2 | . . . . 2 Explosive 4 | . 2 . . 2 Electromagnetic . | . . . . . Robot Hit Streak 13 | . 9 11 12 13 Robot Miss Streak 4 | . 3 3 4 3 Penetration Max . | . . . . . Secondary Targets 6 | . 2 2 1 1 Max Gunslinging Chain 1 | . 1 1 1 1 Shots Hit Robots 145 | . 23 89 9 24 Core Hits 60 | . 10 34 4 12 Critical Kills 1 | . 1 . . . Critical Parts Destroyed 1 | . . 1 . . Critical Strikes 2 | . 1 1 . . Destroy 2 | . 1 1 . . Melee Attacks . | . . . . . Impact . | . . . . . Slashing . | . . . . . Piercing . | . . . . . Sneak Attacks . | . . . . . Combat Hostiles . | . . . . . Follow-up Attacks . | . . . . . Damage Inflicted 2306 | . 435 1258 120 493 Guns 2032 | . 258 1258 120 396 Cannons . | . . . . . Explosions 264 | . 167 . . 97 Melee . | . . . . . Ramming 10 | . 10 . . . Kinetic 2003 | . 258 1258 120 367 Thermal 29 | . . . . 29 Explosive 264 | . 167 . . 97 Electromagnetic . | . . . . . Impact . | . . . . . Slashing . | . . . . . Piercing . | . . . . . Highest Corruption . | . . . . . Average Corruption . | . . . . . Corruption Purged . | . . . . . Corruption Blocked . | . . . . . Overload Shots . | . . . . . Overflow Damage 47 | . 47 . . . Projectiles . | . . . . . Explosions 47 | . 47 . . . Melee . | . . . . . Knockbacks . | . . . . . Impact . | . . . . . Kinetic . | . . . . . Secondary . | . . . . . Self-Inflicted Damage 40 | . . . . 40 Shots 1 | . . . . 1 Rammed . | . . . . . Targets Rammed 1 | . 1 . . . Kicked 1 | . 1 . . . Crushed . | . . . . . Highest Temperature 21 | . 20 21 9 21 Average Temperature 7 | . 9 7 4 9 Received Heat Transfer 843 | . 75 495 66 207 Siege Activations . | . . . . . Robots Corrupted . | . . . . . Combat Hostiles . | . . . . . Parts Fried . | . . . . . Impact Corruptions . | . . . . . Robots Melted . | . . . . . Combat Hostiles . | . . . . . Parts Melted 1 | . . . . 1 Heat Transferred 74 | . . . . 74 Parts Sabotaged . | . . . . . Parts Stolen . | . . . . . Parts Stripped . | . . . . . Power Chain Reactions . | . . . . . Alert | -11 -10 -9 -9 -9 ------- Run | Yrd Mat Mat Sto Gar Peak Influence 420 | . 246 420 162 205 Initial 137 | . . 103 137 105 Average 195 | . 105 271 144 143 Maximum Alert Level 2 | . 1 2 . 1 Low Security (%) 55 | 100 84 21 100 97 Level 1 42 | . 15 75 . 2 Level 2 1 | . . 3 . . Level 3 . | . . . . . Level 4 . | . . . . . Level 5 . | . . . . . High Security . | . . . . . Max Security . | . . . . . Squads Dispatched 2 | . . 1 1 . Investigation 1 | . . . 1 . Extermination . | . . . . . Reinforcement 1 | . . 1 . . Assault . | . . . . . Garrison . | . . . . . Intercept . | . . . . . Searches Triggered . | . . . . . Construction Impeded . | . . . . . Haulers Reinforced . | . . . . . Active Scanning Responses . | . . . . . Cargo Convoy Interrupts . | . . . . . Stealth | -11 -10 -9 -9 -9 --------- Run | Yrd Mat Mat Sto Gar Distress Signals 5 | . 1 4 . . Communications Jammed . | . . . . . Distress Signals . | . . . . . Times Spotted 43 | . 12 20 2 9 Peak Tracking Total 6 | . 6 4 2 6 Tactical Retreats 2 | . 1 1 . . Traps | -11 -10 -9 -9 -9 ------- Run | Yrd Mat Mat Sto Gar Traps Triggered 1 | . . . 1 . Indirectly . | . . . . . Trap Hack Attempts . | . . . . . Triggered . | . . . . . Disarmed . | . . . . . Reprogrammed . | . . . . . Reused . | . . . . . Traps Extracted . | . . . . . Installed . | . . . . . Triggered . | . . . . . Machines | -11 -10 -9 -9 -9 ---------- Run | Yrd Mat Mat Sto Gar Machines Disabled 3 | . . 3 . . Max in Single Turn 1 | . . 1 . . Machines Repaired . | . . . . . Machines Dismantled . | . . . . . Machines Sabotaged . | . . . . . Overloaded Fab Kills . | . . . . . Hacking | -11 -10 -9 -9 -9 --------- Run | Yrd Mat Mat Sto Gar Machines Accessed 3 | . 1 1 1 . Terminals 2 | . 1 1 . . Fabricators . | . . . . . Repair Stations . | . . . . . Recycling Units . | . . . . . Scanalyzers . | . . . . . Garrison Access 1 | . . . 1 . Total Hacks 5 | . 2 2 1 . Successful 4 | . 2 1 1 . Failed 1 | . . 1 . . Catastrophic . | . . . . . Database Lockouts . | . . . . . Manual . | . . . . . Terminals 4 | . 2 2 . . Fabricators . | . . . . . Repair Stations . | . . . . . Recycling Units . | . . . . . Scanalyzers . | . . . . . Garrison Access 1 | . . . 1 . Terminal Hacks 3 | . 2 1 . . Record 2 | . 2 . . . Transport Status 1 | . . 1 . . Fabricator Hacks . | . . . . . Repair Station Hacks . | . . . . . Recycling Unit Hacks . | . . . . . Scanalyzer . | . . . . . Garrison Access Hacks 1 | . . . 1 . Unlock Access 1 | . . . 1 . Unauthorized Hacks . | . . . . . Terminals . | . . . . . Fabricators . | . . . . . Repair Stations . | . . . . . Recycling Units . | . . . . . Scanalyzers . | . . . . . Garrison Access . | . . . . . Data Cores Recovered . | . . . . . Used . | . . . . . Hacking Detections 1 | . . . 1 . Full Trace Events . | . . . . . Feedback Events . | . . . . . Feedback Blocked . | . . . . . Robot Schematics Acquired . | . . . . . Robots Built . | . . . . . Authchips . | . . . . . Time . | . . . . . Total Robot Build Rating . | . . . . . Part Schematics Acquired . | . . . . . Parts Built . | . . . . . Authchips . | . . . . . Time . | . . . . . Total Part Build Rating . | . . . . . Parts Repaired . | . . . . . Time . | . . . . . Parts Recycled . | . . . . . Recycled Matter . | . . . . . Retrieved Matter . | . . . . . Retrieved Components . | . . . . . Parts Scanalyzed . | . . . . . Part Schematics Acquired . | . . . . . Parts Damaged . | . . . . . Bothacking | -11 -10 -9 -9 -9 ------------ Run | Yrd Mat Mat Sto Gar Used RIF Installer . | . . . . . Robots Hacked . | . . . . . Non-combat . | . . . . . Combat . | . . . . . Robot Hacks Applied . | . . . . . Relay Couplers Released . | . . . . . Fabnet Peak Effective % . | . . . . . Robots Rewired . | . . . . . Allies Hacked . | . . . . . Hacks Repelled . | . . . . . Allies | -11 -10 -9 -9 -9 -------- Run | Yrd Mat Mat Sto Gar Total Allies . | . . . . . Largest Group . | . . . . . Highest-Rated Group . | . . . . . Highest-Rated Ally . | . . . . . Total Orders . | . . . . . Ally Attacks . | . . . . . Total Damage . | . . . . . Kills . | . . . . . Allies Corrupted . | . . . . . Allies Melted . | . . . . . Intel | -11 -10 -9 -9 -9 ------- Run | Yrd Mat Mat Sto Gar Robot Analysis Total . | . . . . . Derelict Logs Recovered . | . . . . . Drone Launches . | . . . . . Drone Recoveries . | . . . . . Exploration | -11 -10 -9 -9 -9 ------------- Run | Yrd Mat Mat Sto Gar Turns Passed 1026 | 1 323 516 71 115 Spaces Moved 490 | 1 203 213 26 47 Core 2 | . . 1 . 1 Treads . | . . . . . Legs 488 | 1 203 212 26 46 Wheels . | . . . . . Hover . | . . . . . Flight . | . . . . . Fastest Speed 120 | 120 120 120 120 120 Average Speed 133 | 120 127 134 173 127 Slowest Speed 450 | 120 190 450 190 350 Overloaded Moves . | . . . . . Propulsion Burnouts . | . . . . . Robots Hopped . | . . . . . Cave-ins Triggered . | . . . . . Exploration Rate (%) 20 | 2 47 30 8 14 Regions Visited 4 Branch Regions 1 Pre-discovered Areas . | . . . . . Known Exits Taken 1 | . . . 1 . Unknown Exits Taken 3 | 1 1 1 . . Scrap Searched . | . . . . . Spaces Dug . | . . . . . Terrain Destroyed 26 | . 15 . . 11 Melee . | . . . . . Projectile . | . . . . . AOE 26 | . 15 . . 11 Terrain Rammed . | . . . . . Walls Destroyed . | . . . . . Machines Disabled . | . . . . . Actions | -11 -10 -9 -9 -9 --------- Run | Yrd Mat Mat Sto Gar Total 658 | 2 230 317 37 72 Wait 24 | . . 19 1 4 Move 487 | . 202 212 26 47 Hop . | . . . . . Pick Up 6 | . 3 2 1 . Fast Attach 9 | . 2 6 1 . Attach 4 | . . 1 . 3 Detach . | . . . . . Swap 11 | . 2 8 . 1 Drop 9 | 2 1 5 1 . Fire 107 | . 19 64 7 17 Melee . | . . . . . Ram . | . . . . . Kick 1 | . 1 . . . Crush . | . . . . . Escape Stasis . | . . . . . Rewire . | . . . . . Trap . | . . . . . Miscellaneous . | . . . . . Route ------- -11/Scrapyard -10/Materials (discovered 2 exits: *Mat / [*Min]) -9/Materials (discovered 2 exits: [*Mat] / *Sto) -9/Storage -9/Garrison History --------- Turn | Location | Event 2 | -11/Scrapyard | Discovered new exit (range 0) 2 | -11/Scrapyard | Entered Materials 89 | -10/Materials | Discovered new exit (range 15) 165 | -10/Materials | Discovered new exit (range 14) 314 | -10/Materials | Build established: Mutant 325 | -10/Materials | Entered another Materials area 325 | -9/Materials | Evolved 2 slots: Propulsion x1, Utility x1 596 | -9/Materials | Lost 5 parts (1p3n1u) 759 | -9/Materials | Discovered new exit (range 7) 779 | -9/Materials | Discovered new exit (range 10) 841 | -9/Materials | Entered Storage 860 | -9/Storage | Build established: Scavenger-Mutant 912 | -9/Storage | Identified exit to Garrison 912 | -9/Storage | Entered Garrison 978 | -9/Garrison | Core integrity fell below 50% 1013 | -9/Garrison | Core integrity fell below 20% 1027 | -9/Garrison | Destroyed by Y-45 Defender with Heavy Assault Rifle Last Messages --------------- 00991_ Y-45 Defender destroyed. 00994_ Lgt. Armor Plating destroyed. 00994_ Critical hit (Burn: +37). 01003_ Lgt. Nuclear Core destroyed. 01006_ Aluminum Leg destroyed. 01008_ Slug penetrates Wall. 01008_ Aluminum Leg destroyed. 01008_ Shotgun destroyed. 01010_ Slug penetrates Wall. 01011_ Penetrated by Slug. 01011_ Y-45 Defender destroyed. 01012_ Hvy. Assault Rifle destroyed. 01014_ Penetrated by Slug. 01015_ Hvy. Assault Rifle destroyed. 01016_ Slug penetrates Wall. 01020_ Penetrated by Slug. 01023_ Targeting Computer melted. 01023_ H-55 Commando destroyed. 01025_ Penetrated by Slug. 01026_ Acquired 38 matter. Map ----- +----------------------------------------------------+ | ?????????????????????????????????????????????????? | | ?????????????????????????????????????????????????? | | ?????????????????????????????????????????????????? | | ?????????????????????????????????????????????????? | | ?????????????????????????????????????????????????? | | ?????????????????????????????????????????????????? | | ?????????????????????????????????????????????????? | | ?????????????????????????????????????????????????? | | ?????????????????????????????????????????????????? | | ?????????????????????????????????????????????????? | | ?????????????????????????????????????????????????? | | ?????????????#???????????????????????????????????? | | ????????????## ??????????????????????????????????? | | ???????? ?? ??????????????????????????????????? | | ?????? ??? ??????????????????????????????????? | | ??????? ?? ??????????????????????????????????? | | ???????# ?# ?????????????????????????????????? | | ???????# ## ?????????????????????????????????? | | ??????? ?????????????????????????????????? | | ???????? ?????????????????????????????????? | | ?????????? ????????????????????????????????? | | ???????????? ????????????????????????????????? | | ???????# ????# ???????????######???????????????? | | ??# ## ## [########### #######?????????? | | ??# *=%* [Y=! % ????????? | | ??# =%* !*%@= h ????????? | | ??# ^ ########* ## ##???????????????? | | ???# ## "#####??????# #????????????????????? | | ???????????????????????# ##????????????????????? | | ???????????????????????## #?????????????????????? | | ????????????????????????# #?????????????????????? | | ????????????????????????# #?????????????????????? | | ????????????????????????# #?????????????????????? | | ????????????????????????# #?????????????????????? | | ????????????????????????# #?????????????????????? | | ????????????????????????# #?????????????????????? | | ????????????????????????# #?????????????????????? | | ????????????????????????# #?????????????????????? | | ????????????????????????# #?????????????????????? | | ????????????????????????# #?????????????????????? | | ????????????????????????# #?????????????????????? | | ????????????????????????# #?????????????????????? | | ????????????????????????# #???????#####?????????? | | ????????????????????????# #???????# #?????????? | | ????????????????????# ## ######### ######????? | | ????????????????????# # | | ????????????????????# # | | ????????????????????" ######################## # | | ????????????????????" ??????????????????????????? | | ????????????????????" ???????????????????????????? | +----------------------------------------------------+ Best States ------------- Heat Dissipation 28 Energy Generation 14 Energy Capacity 410 Matter Stores 300 Matter Capacity 300 Sight Range 16 Terrain Scan Density 10 Armor Coverage 225 Evasion (%) 55 Item Schematics ----------------- None Robot Schematics ------------------ None Fabricated ------------ Nothing Alien Tech Used ----------------- None Achievements -------------- None Challenges ------------ None Game ------ Seed CommImprovedShield Manual? 0 Play Time 00:10:28 Cumulative 22.7 hours Start 2024.09.20 @ 16:25:00 End 2024.09.20 @ 16:34:35 Sessions 1 Manual Loads 0 Difficulty Rogue Special Mode None Game No. 93 Rogue 89 Adventurer 4 Explorer 0 Win Type - Total 0 Types 0/0/0/0/0/0/0/0/0 Lore% 11 Gallery% 27 Achievement% 18 Wizard Run 0 Options --------- Layout 2 ASCII 0 Keyboard 0 Movement Mouse Keybinds 0 Fullscreen 1 Font 16/SmallcapsGlow Map View 55x47 Zoom Use 0% Tactical HUD 1 Map Filters NONE Filters NONE Steam 1 RUN: 390eb538-bd34-452d-867e-103a0794b72b